 Dungeon Crawl Stone Soup version 0.30-a0-368-g86fb4627a9 (webtiles) character file.

Game seed: 14326298083494467891

476 JOEMAMA2 the Slasher (level 6, -3/56 HPs)
             Began as a Minotaur Fighter on Nov 19, 2022.
             Slain by an ogre
             ... wielding a +0 giant spiked club
              (29 damage)
             ... on level 5 of the Dungeon.
             The game lasted 00:06:26 (2947 turns).

JOEMAMA2 the Slasher (Minotaur Fighter)             Turns: 2947, Time: 00:06:27

Health: -3/56      AC:  8    Str: 23    XL:     6   Next: 84%
Magic:  5/5        EV:  9    Int:  5    God:
Gold:   554        SH:  4    Dex:  9    Spells: 5/5 levels left

rFire   . . .      SeeInvis +    a - +1 long sword
rCold   . . .      Faith    .    c - +0 buckler
rNeg    . . .      Spirit   .    b - +0 scale mail
rPois   .          Reflect  .    (helmet restricted)
rElec   .          Harm     .    (no cloak)
rCorr   .          Rampage  .    (no gloves)
Will    +....                    f - +0 pair of boots
Stlth   ..........               (no amulet)
HPRegen 0.29/turn                n - ring of see invisible
MPRegen 0.09/turn                (no ring)

@: no status effects
A: horns 2, retaliatory headbutt, strong-willed 1, screaming 1
a: no special abilities


You were on level 5 of the Dungeon.
You visited 1 branch of the dungeon, and saw 5 of its levels.

You collected 554 gold pieces.

Inventory:

Hand Weapons
 a - a +1 long sword (weapon)
Missiles
 k - a throwing net (quivered)
Armour
 b - a +0 scale mail (worn)
 c - a +0 buckler (worn)
 f - a +0 pair of boots (worn)
 s - a +3 leather armour
Jewellery
 n - a ring of see invisible (left hand)
 r - an amulet of the acrobat
Wands
 p - a wand of polymorph (2)
Scrolls
 h - 3 scrolls of fog
 m - 3 scrolls of fear
 o - 4 scrolls of teleportation
Potions
 d - a potion of might
 e - a potion of curing {unknown}
 g - a potion of lignification
 i - a potion of invisibility
 j - 2 potions of haste
 l - a potion of degeneration
 q - 2 potions of brilliance


   Skills:
 + Level 5.6 Fighting
 + Level 6.1 Long Blades
 + Level 5.2 Armour
 + Level 0.9 Dodging
 + Level 0.1 Stealth
 + Level 4.4 Shields


You had 5 spell levels left.
You didn't know any spells.
Your spell library contained the following spells:

 Spells                   Type           Power      Damage    Failure   Level
 Apportation              Tloc           0%         N/A       86%         1
 Necrotise                Necr           0%         1d4       86%         1
 Summon Small Mammal      Summ           0%         N/A       86%         1
 Ensorcelled Hibernation  Hex/Ice        0%         N/A       94%         2
 Passwall                 Tmut/Erth      0%         N/A       94%         2
 Swiftness                Air            0%         N/A       99%         3


Dungeon Overview and Level Annotations

Branches:
Dungeon (5/15)
 Temple: D:4-7

Altars:
Gozag
Makhleb
The Shining One

Shops:
D:2 [


Innate Abilities, Weirdness & Mutations

You have a pair of horns on your head.
You reflexively headbutt those who attack you in melee.
You are strong-willed. (Will+)
You occasionally shout uncontrollably at your foes.


Message History

This is a scroll of acquirement!
Something appears at your feet!
You now have 554 gold pieces (gained 356).
As you read the scroll of identify, it crumbles to dust.
g - a potion of lignification
As you read the scroll of identify, it crumbles to dust.
i - a potion of invisibility
As you read the scroll of identify, it crumbles to dust.
j - 2 potions of haste You open the door.
There is an open door here.
You open the door.
Found a stone staircase leading down.
There is an open door here.
e - a pink potion
There is a stone staircase leading down here.
r - an amulet of the acrobat An ogre comes into view.
It is wielding a +0 giant spiked club.
An ogre is nearby!
An ogre is nearby!
An ogre is nearby!
An ogre is nearby!
Found a trident.
You hit the ogre.
The ogre is lightly wounded.
The ogre hits you with a +0 giant spiked club!
You slash the ogre!
The ogre is moderately wounded.
You block the ogre's attack.
You hit the ogre.
You headbutt the ogre, but do no damage.
The ogre is heavily wounded.
The ogre hits you with a +0 giant spiked club!!
You hit the ogre but do no damage.
The ogre is heavily wounded.
You hit the ogre but do no damage.
The ogre is heavily wounded.
The ogre hits you with a +0 giant spiked club!!
Ouch! That really hurt!
You die...

.........##.........####
#'###....##.............
#.# #....#####..........
..###....# ##..........
.........# #...........
####.....# #...........
..##.....# #...........
...#.....# ##...........
...#.....# #....@.......
....)....##..#..O.......
...#.....##.##..........
...#.....##. #..........
..##.######. #..........
####.. . #.........) .:
... . #..........
###.... ........... #
#....


You could see an ogre.

Vanquished Creatures
  An ogre (D:5)
  A scorpion (D:4)
  3 hounds (D:4)
  An orc priest (D:4)
  2 jellies (D:5)
  An orc wizard (D:4)
  4 adders
  A worm (D:2)
  3 dart slugs
  3 orcs (D:4)
  6 ball pythons
  10 endoplasms
  5 giant cockroaches
  6 goblins
  11 hobgoblins
  4 jackals (D:3)
  4 kobolds
  7 quokkas
  5 bats
  6 frilled lizards
  2 rats (D:1)
86 creatures vanquished.

Notes
Turn   | Place    | Note
-------+----------+-------------------------------------------
     0 | D:1      | JOEMAMA2 the Minotaur Fighter began the quest for the Orb.
     0 | D:1      | Reached XP level 1. HP: 19/19 MP: 0/0
   169 | D:1      | Reached XP level 2. HP: 26/27 MP: 1/1
   467 | D:1      | Reached XP level 3. HP: 23/33 MP: 2/2
   709 | D:2      | Reached skill level 3 in Long Blades
   833 | D:2      | Found Hoavesh's Armour Boutique.
   935 | D:2      | Reached XP level 4. HP: 40/40 MP: 3/3
  1253 | D:2      | Gained mutation: You are strong-willed. (Will+) [potion of
                  | mutation]
  1253 | D:2      | Gained mutation: You occasionally shout uncontrollably at
                  | your foes. [potion of mutation]
  1742 | D:3      | Found a faded altar of an unknown god.
  1789 | D:3      | Found a glowing golden altar of the Shining One.
  1942 | D:4      | Reached skill level 4 in Long Blades
  1953 | D:4      | Reached XP level 5. HP: 30/46 MP: 4/4
  2257 | D:4      | Found a burning altar of Makhleb.
  2265 | D:4      | Reached skill level 5 in Long Blades
  2319 | D:4      | Reached skill level 5 in Fighting
  2319 | D:4      | Reached skill level 5 in Armour
  2319 | D:4      | Reached XP level 6. HP: 48/56 MP: 5/5
  2611 | D:5      | Entered Level 5 of the Dungeon
  2625 | D:5      | Found an opulent altar of Gozag.
  2701 | D:5      | Reached skill level 6 in Long Blades
  2879 | D:5      | Identified a scroll of acquirement
  2879 | D:5      | Acquired 356 gold pieces
  2947 | D:5      | Slain by an ogre

Illustrated notes

Levels and vault maps discovered:
D:1:      minmay_arrival_widening_spiral_wide, layout_rooms, minmay_pentomino_p4
D:2:      layout_basic, serial_shops, nicolae_shop_waterfront,
          grunt_ministairs_6
D:3:      layout_rooms, nicolae_tso_carved_into_rock,
          ebering_ecumenical_altar_hall
D:4:      layout_gridville, nicolae_overflow_crystal_walls
D:5:      layout_basic, old_standard_altar, lemuel_crystal_altar,
          hangedman_abyss_or_decor_passed, solitary_fountain

Skill      XL: |  1  2  3  4  5  6 |
---------------+-------------------+-----
Shields        | 4 |  4.4
Armour         | 4 5 |  5.2
Fighting       | 4 5 |  5.6
Long Blades    | 3 4 5 6 |  6.1
Dodging        | |  0.9
Stealth        | |  0.1

Action                   |  1- 3 |  4- 6 || total
-------------------------+-------+-------++-------
Melee: Long sword        |    87 |    96 ||   183
       Headbutt          |    11 |    19 ||    30
Throw: Throwing net      |       |     1 ||     1
  Use: Scroll            |       |     9 ||     9
       Potion            |       |     4 ||     4
Armor: Scale mail        |    51 |    36 ||    87
Dodge: Dodged            |    76 |    47 ||   123
Block: Buckler           |    34 |    20 ||    54

Table legend: (Time is in decaauts)
 A = Elapsed time spent in this place.
 B = Non-inter-level travel time spent in this place.
 C = Inter-level travel time spent in this place.
 D = Time resting spent in this place.
 E = Time spent auto-exploring this place.
 F = Levels seen in this place.
 G = Mean time per level.
                   A        B        C        D        E       F      G
               +--------+--------+--------+--------+--------+-----+--------+
         Total |   3005 |   2935 |     70 |    435 |   1687 |   5 |  601.0 |
       Dungeon |   3005 |   2935 |     70 |    435 |   1687 |   5 |  601.0 |
               +--------+--------+--------+--------+--------+-----+--------+

Top non-repeatable levels by time:
     D:2: 902 daAuts
     D:4: 705 daAuts
     D:1: 664 daAuts
     D:3: 393 daAuts
     D:5: 338 daAuts
